 Dungeon Crawl Stone Soup version 0.25-a0-413-g3b4b6a4ccc (webtiles) character file.

Game seed: 8500004897603403862, levelgen mode: deterministic

20700 Gargoyl the Protected (level 12, -1/101 HPs)
             Began as a Centaur Abyssal Knight on Jan 17, 2020.
             Was the Champion of Lugonu.
             Slain by a hell rat (2 damage)
             ... on level 4 of the Lair of Beasts.
             The game lasted 00:20:12 (13311 turns).

Gargoyl the Protected (Centaur Abyssal Knight)     Turns: 13311, Time: 00:20:14

Health: -1/101     AC: 18    Str: 16    XL:     12   Next: 47%
Magic:  27/27      EV:  6    Int: 19    God:    Lugonu [******]
Gold:   1068       SH:  0    Dex: 13    Spells: 11/11 levels left

rFire    . . .     SeeInvis .   F - +3 war axe (drain)
rCold    . . .     Gourm    .   (no shield)
rNeg     . . .     Faith    .   q - +2 chain mail "Yhefom" {rPois Int+8}
rPois    +         Spirit   .   (no helmet)
rElec    .         Reflect  .   u - +2 cloak {rPois}
rCorr    .         Harm     .   n - +2 pair of gloves
MR       +....                  (no barding)
Stlth    ..........             m - amulet of regeneration
HPRegen  0.66/turn              w - ring of magical power
MPRegen  0.20/turn              f - ring of protection from magic

@: lethally poisoned (-1 -> -5), heavily drained, very quick
A: large, hooves 3, deformed body, speed 2, tough skin 3
a: Depart the Abyss, Bend Space, Banish, Corrupt, Enter the Abyss, Brand Weapon
With Distortion, Renounce Religion


You were on level 4 of the Lair of Beasts.
You worshipped Lugonu.
Lugonu was exalted by your worship.
You were hungry.

You visited 2 branches of the dungeon, and saw 14 of its levels.
You visited the Abyss 1 time.
You also visited: Ossuary.

You collected 1068 gold pieces.

Inventory:

Hand Weapons
 a - a +2 hand axe
 F - a +3 war axe of draining (weapon)
 G - a +1 broad axe of flaming
Missiles
 e - 5 javelins (quivered)
Armour
 n - a +2 pair of gloves (worn)
 q - the +2 chain mail "Yhefom" (worn) {rPois Int+8}
   (You found it on level 2 of the Lair of Beasts)

   It affects your intelligence (+8).
   It protects you from poison.
 u - a +2 cloak of poison resistance (worn)
Jewellery
 f - a ring of protection from magic (right hand)
 m - an amulet of regeneration (around neck)
 w - a ring of magical power (left hand)
 I - an uncursed ring of magical power
Wands
 d - a wand of disintegration (7)
 k - a wand of flame (6)
 t - a wand of enslavement (4)
 z - a wand of polymorph (8)
 A - a wand of digging (4)
 C - a wand of paralysis (7)
Scrolls
 g - a scroll of identify
 h - 8 scrolls of teleportation
 p - 6 scrolls of remove curse
 v - a scroll of magic mapping
 x - 2 scrolls of fog
 y - 2 scrolls of enchant armour
Potions
 b - 10 potions of curing
 i - 2 potions of haste
 j - a potion of magic
 l - 3 potions of agility
 o - 3 potions of flight
 r - 3 potions of lignification {unknown}
 s - 4 potions of might
 B - 2 potions of brilliance
 D - 3 potions of heal wounds
 E - a potion of ambrosia {unknown}
 H - a potion of cancellation {unknown}
Comestibles
 c - 22 rations


   Skills:
 + Level 8.0(6.2) Fighting
   Level 0.2(1.1) Short Blades
   Level 4.4(2.7) Long Blades
 + Level 8.9(7.1) Axes
 + Level 1.3(0.0) Throwing
 * Level 9.3(7.4) Armour
 * Level 6.1(4.3) Dodging
 * Level 9.1(7.3) Invocations
 + Level 1.1(0.0) Evocations


You had 11 spell levels left.
You didn't know any spells.
Your spell library contained the following spells:

 Spells                   Type           Power        Failure   Level  Hunger
 Freeze                   Ice            #...         95%         1    ##.....
 Infusion                 Chrm           #...         95%         1    ##.....
 Magic Dart               Conj           #...         95%         1    ##.....
 Blink                    Tloc           N/A          99%         2    ###....
 Call Imp                 Summ           #.......     99%         2    ###....
 Searing Ray              Conj           #.....       99%         2    ###....
 Shroud of Golubria       Chrm/Tloc      #.....       99%         2    ###....
 Slow                     Hex            #.......     99%         2    ###....
 Song of Slaying          Chrm           #.......     99%         2    ###....
 Conjure Flame            Conj/Fire      #.......     100%        3    ####...
 Dazzling Flash           Conj/Hex       #.....       100%        3    ####...
 Mephitic Cloud           Conj/Pois/Air  #.......     100%        3    ####...
 Ozocubu's Armour         Chrm/Ice       #.......     100%        3    ####...
 Spectral Weapon          Hex/Chrm       #.......     100%        3    ####...
 Fulminant Prism          Conj/Hex       #.........   100%        4    #####..
 Hailstorm                Conj/Ice       #.......     100%        4    #####..
 Iskenderun's Mystic Bla  Conj/Tloc      #.......     100%        4    #####..
 Summon Ice Beast         Ice/Summ       #.......     100%        4    #####..
 Summon Lightning Spire   Summ/Air       #.......     100%        4    #####..
 Silence                  Hex/Air        #.........   100%        5    ######.
 Conjure Ball Lightning   Conj/Air       #.........   100%        6    #######
 Deflect Missiles         Chrm/Air       #.........   100%        6    #######
 Tornado                  Air            #.........   100%        9    #######


Dungeon Overview and Level Annotations

Branches:
Dungeon (9/15)             Temple (0/1) D:7            Lair (5/6) D:8
 Shoals (0/4) Lair:4        Snake (0/4) Lair:2      Ossuary (visited)
  Slime: Lair:5-6       Orc: D:9-12

Altars:
Dithmenos
Elyvilon
Hepliaklqana
Nemelex Xobeh
Qazlal
Uskayaw
Zin

Annotations:
D:5 2 transporters, feta's ghost, novice FoFi
Lair:2 exclusion: oklob plant


Innate Abilities, Weirdness & Mutations

You have hooves in place of feet.
Armour fits poorly on your strangely shaped body.
You cover ground very quickly.
You have extremely tough skin. (AC +3)


Message History

You feel drained.
* * * LOW HITPOINT WARNING * * *
You hit the hell rat but do no damage. You kick the hell rat.
You kill the hell rat!
Lugonu accepts your kill.
You hit the hell rat.
You kill the hell rat!
Lugonu accepts your kill.
You hit the hell rat.
You feel sick. The hell rat barely misses you. The hell rat bites you.
* * * LOW HITPOINT WARNING * * *
The hell rat barely misses you.
You barely miss the hell rat.
You kick the hell rat, but do no damage.
You hit the hell rat.
You feel sick.
The hell rat bites you but does no damage.
The hell rat bites you!
* * * LOW HITPOINT WARNING * * *
You feel drained.
You die...

.. .........P........⌠.
... #...##....P.........
...##...###..........#.#
...PP...##.............#
.......P#...............
........................
........................
......†.$#..............
.#.#...@..#...........##
# #.#.rr##...........##
................<...##
#....................##
##.....................
#.....................
.....................>
#....................P.
............


You could see 2 hell rats.

Vanquished Creatures
  A two-headed ogre (D:7)
  A death yak (Lair:5)
  4 elephants (Lair:2)
  2 black mambas
  5 spiny frogs
  6 komodo dragons
  A rime drake (Lair:3)
  Maggie (Lair:3)
  A polar bear (Lair:4)
  4 blink frogs (Lair:5)
  3 hippogriffs
  3 wyverns
  26 yaks
  A basilisk (Lair:3)
  Eustachio (D:5)
  A fire elemental (Abyss:3)
  A hungry ghost (D:8)
  13 water moccasins
  An acid dragon (D:8)
  Duvessa (D:5)
  8 porcupines
  A sky beast (D:5)
  2 black bears
  A phantom (D:4)
  4 ogres
  4 wolves (Lair:2)
  4 centaurs (D:6)
  10 crocodiles
  10 bullfrogs
  Dowan (D:5)
  A scorpion (D:6)
  2 water moccasin skeletons (D:6)
  4 wights
  4 howler monkeys
  A bullfrog zombie (D:8)
  5 hounds
  An orc priest (D:6)
  2 jellies
  3 bullfrog skeletons
  Crazy Yiuf (D:5)
  A gnoll shaman (D:8)
  3 orc wizards
  8 worker ants
  12 hell rats
  A hound zombie (D:6)
  8 mummies (Ossuary)
  A worker ant zombie (D:6)
  11 gnolls
  2 howler monkey skeletons
  16 river rats (Lair:3)
  14 adders
  12 white imps (Lair:1)
  An ooze (D:5)
  An adder zombie (D:7)
  A worm (D:2)
  7 leopard geckos
  5 orcs
  3 giant cockroaches
  7 goblins
  5 hobgoblins
  7 jackals
  8 quokkas
  5 bats
  7 frilled lizards
  2 hobgoblin zombies (Ossuary)
  9 kobolds
  A kobold zombie (Ossuary)
  A leopard gecko zombie (D:8)
  5 orc zombies (Ossuary)
  A quokka skeleton (D:8)
  15 rats
  A fire vortex (Lair:4)
327 creatures vanquished.

Vanquished Creatures (others)
  A hydra (Lair:3)
  A black mamba (Lair:1)
  An orc warrior (D:7)
3 creatures vanquished.

Grand Total: 330 creatures vanquished

Notes
Turn   | Place    | Note
-------+----------+-------------------------------------------
     0 | Abyss:1  | Gargoyl the Centaur Abyssal Knight began the quest for the
                  | Orb.
     0 | Abyss:1  | Reached XP level 1. HP: 19/19 MP: 2/2
    42 | Abyss:1  | Noticed a tentacled starspawn
    42 | Abyss:1  | Noticed an ancient zyme
   128 | Abyss:2  | Noticed a small abomination
   144 | Abyss:2  | Noticed a large abomination
   181 | Abyss:3  | Noticed a bone dragon
   197 | Abyss:3  | Noticed a fire elemental
   203 | Abyss:3  | Killed a fire elemental
   203 | Abyss:3  | Reached skill level 1 in Dodging
   203 | Abyss:3  | Reached XP level 2. HP: 14/28 MP: 3/3
   203 | Abyss:3  | Reached XP level 3. HP: 17/34 MP: 4/4
   203 | Abyss:3  | Reached XP level 4. HP: 20/41 MP: 5/5
   224 | Abyss:3  | Noticed a large abomination
   226 | Abyss:3  | Noticed a large abomination
   228 | Abyss:3  | Noticed a smoke demon
   235 | Abyss:3  | Noticed an ancient zyme
   257 | Abyss:4  | Noticed an air elemental
   270 | Abyss:4  | Noticed a raiju
   270 | Abyss:4  | Noticed a raiju
   270 | Abyss:4  | Noticed a raiju
   270 | Abyss:4  | Noticed a raiju
   270 | D:1      | Escaped the Abyss
   707 | D:1      | Reached XP level 5. HP: 46/47 MP: 6/6
   832 | D:1      | Reached * piety under Lugonu
  1201 | D:2      | Noticed a black bear
  1221 | D:2      | Killed a black bear
  2168 | D:2      | Found a sparkling altar of Nemelex Xobeh.
  2189 | D:2      | Reached XP level 6. HP: 55/55 MP: 8/8
  2442 | D:3      | You fall into a shaft and drop 1 floor!
  2876 | D:3      | Found a white marble altar of Elyvilon.
  2974 | D:3      | Found a hazy altar of Hepliaklqana.
  3280 | D:4      | Reached ** piety under Lugonu
  3633 | D:4      | Noticed a +0 hand axe
  3641 | D:4      | Noticed a +0 dagger
  3648 | D:4      | Found a hide-covered altar of Uskayaw.
  3682 | D:4      | Reached XP level 7. HP: 45/60 MP: 9/9
  3728 | D:4      | Reached skill level 5 in Fighting
  4264 | D:5      | Entered Level 5 of the Dungeon
  4362 | D:5      | Noticed a hornet
  4367 | D:5      | Found a transporter.
  4371 | D:5      | Found a transporter.
  4383 | D:5      | Noticed feta's ghost (novice FoFi)
  4495 | D:5      | Reached skill level 1 in Throwing
  4558 | D:5      | Noticed Eustachio
  4644 | D:5      | Killed Eustachio
  4879 | D:5      | Reached XP level 8. HP: 64/68 MP: 11/11
  4990 | D:5      | Found a runed translucent door.
  4991 | D:5      | Noticed Crazy Yiuf
  5082 | D:5      | Noticed Duvessa
  5082 | D:5      | Noticed Dowan
  5101 | D:5      | Killed Duvessa
  5104 | D:5      | Killed Dowan
  5319 | D:5      | Killed Crazy Yiuf
  5365 | D:6      | Reached skill level 1 in Long Blades
  5561 | D:6      | Reached *** piety under Lugonu
  5561 | D:6      | Reached skill level 5 in Armour
  5564 | D:6      | Reached skill level 5 in Invocations
  5585 | D:6      | Reached XP level 9. HP: 60/74 MP: 12/12
  5962 | D:6      | Found a stormy altar of Qazlal.
  6015 | D:6      | Found a glowing silver altar of Zin.
  6015 | D:6      | Found a shadowy altar of Dithmenos.
  6517 | D:6      | Reached **** piety under Lugonu
  6697 | D:7      | Found a staircase to the Ecumenical Temple.
  6795 | D:7      | Found a sand-covered staircase.
  6804 | Ossuary  | Entered an ossuary
  7248 | D:7      | Found a stormy altar of Qazlal.
  7430 | D:8      | Noticed a two-headed ogre
  7495 | D:7      | Killed a two-headed ogre
  7495 | D:7      | Reached skill level 1 in Evocations
  7736 | D:8      | Reached XP level 10. HP: 72/83 MP: 14/14
  7790 | D:8      | Found a staircase to the Lair.
  8422 | Lair:1   | Entered Level 1 of the Lair of Beasts
  8601 | Lair:1   | Found a frozen archway.
  8605 | Lair:1   | Noticed a spiny frog
  8688 | Lair:1   | Reached ***** piety under Lugonu
  8690 | Lair:1   | Killed a spiny frog
  9007 | Lair:1   | Reached skill level 5 in Axes
  9560 | Lair:2   | Noticed a black mamba
  9571 | Lair:2   | Killed a black mamba
  9603 | Lair:2   | Noticed a black mamba
  9620 | Lair:1   | Banished a black mamba
  9877 | Lair:2   | Noticed an elephant
  9879 | Lair:2   | Noticed an elephant
  9880 | Lair:2   | Noticed an elephant
  9880 | Lair:2   | Noticed an elephant
  9887 | Lair:2   | Killed an elephant
  9887 | Lair:2   | Reached XP level 11. HP: 61/91 MP: 16/16
  9903 | Lair:2   | Reached skill level 5 in Dodging
 10194 | Lair:2   | Got an encrusted chain mail
 10214 | Lair:2   | Identified the +2 chain mail "Yhefom" {rPois Int+8} (You
                  | found it on level 2 of the Lair of Beasts)
 10227 | Lair:2   | Found a staircase to the Snake Pit.
 10419 | Lair:2   | Noticed an oklob plant
 11313 | Lair:3   | Noticed a five-headed hydra
 11317 | Lair:3   | Banished a five-headed hydra
 11423 | Lair:3   | Noticed Maggie
 11435 | Lair:3   | Killed Maggie
 11464 | Lair:3   | Reached XP level 12. HP: 66/101 MP: 18/18
 12061 | Lair:3   | Reached ****** piety under Lugonu
 12381 | Lair:4   | Found a staircase to the Shoals.
 12437 | Lair:4   | You fall into a shaft and drop 1 floor!
 12594 | Lair:5   | Noticed a death yak
 12613 | Lair:5   | Killed a death yak
 12764 | Lair:5   | Noticed a death yak
 12765 | Lair:5   | Noticed a death yak
 12769 | Lair:5   | Noticed a death yak
 12770 | Lair:5   | Noticed a death yak
 12771 | Lair:5   | Noticed a death yak
 12771 | Lair:5   | Noticed a death yak
 13311 | Lair:4   | HP: 1/101 [hell rat (7)]
 13311 | Lair:4   | Slain by a hell rat

Levels and vault maps discovered:
D:1:      minmay_arrival_four_circles, layout_basic
D:2:      layout_loops_cross, nemelex_xobeh_ov_fountains_minmay
D:3:      layout_loops_ring, lemuel_coloured_pillars_altar, elyvilon_altar_3,
          first_ration
D:4:      layout_layer_cave, dancing_weapons_uskayaw, minivault_1,
          mrwooster_statue_mirror, minmay_quantized
D:5:      layout_loops_cross, gammafunk_ghost_hive, uniq_duvessa,
          uniq_eustachio, uniq_crazy_yiuf_cottage
D:6:      cheibrodos_fzero, layout_loops_ring,
          nicolae_dithmenos_through_a_glass_darkly, kennysheep_mini,
          nicolae_overflow_crystal_walls
D:7:      layout_rooms, minmay_temple_entry_arrows, enter_ossuary_1,
          grunt_qazlal_clouds
D:8:      minmay_distorted_concentric_squares, layout_cave_pools,
          lair_entry_dummy
D:9:      layout_rooms, kennysheep_little_box, grunt_temple_overflow_open,
          serial_glass, glass_columns_a, glass_columns_a
Lair:1:   wander_river, layout_gridlike, portal_ice_cave_entry_imps,
          beast_lair_carwin_9
Lair:2:   layout_cave_shapes, minmay_snake_entry_six_corridors,
          minmay_lair_oklob_chamber, grunt_megastairs_3
Lair:3:   lemuel_ratsnest, layout_cave_pods, infiniplex_staircase_pool_2,
          uniq_maggie
Lair:4:   layout_gridlike, shoals_dummy_entry, grunt_megastairs_5
Lair:5:   layout_gridlike, minmay_slime_entry_oklob_open,
          chequers_serial_rivers_large_a, beast_lair_carwin_6

Skill      XL: |  1  2  3  4  5  6  7  8  9 10 11 12 |
---------------+-------------------------------------+-----
Fighting       | 4 5 6 7 8 |  8.0
Axes           | 2 3 4 6 8 |  8.9
Dodging        | 1 2 3 4 5 6 |  6.1
Armour         | 2 3 4 5 6 7 8 9 |  9.3
Invocations    | 3 4 5 6 7 8 9 |  9.1
Throwing       | 1 |  1.3
Long Blades    | 2 4 |  4.4
Evocations     | 1 |  1.1
Short Blades   | |  0.2

Action                   |  1- 3 |  4- 6 |  7- 9 | 10-12 || total
-------------------------+-------+-------+-------+-------++-------
Melee: Hand axe          |       |   208 |   107 |       ||   315
       Kick              |       |    43 |   126 |   177 ||   346
       Short sword       |       |    13 |       |       ||    13
       Falchion          |       |       |   337 |    37 ||   374
       War axe           |       |       |       |   627 ||   627
Throw: Javelin           |       |       |     8 |     7 ||    15
Invok: Depart the Abyss  |       |     1 |       |       ||     1
       Banish            |       |       |     2 |     3 ||     5
Evoke: Wand              |     2 |     3 |    10 |       ||    15
  Use: Scroll            |       |    11 |    13 |     3 ||    27
       Potion            |       |       |     1 |       ||     1
  Eat: Chunk             |       |     7 |     9 |    18 ||    34
       Ration            |       |       |     1 |     2 ||     3
Armor: Chain mail        |       |   190 |   397 |   672 ||  1259
       Leather armour    |       |     1 |       |       ||     1
Dodge: Dodged            |     2 |    68 |   159 |   309 ||   538
       Rpst.: Falchion   |       |       |    41 |     6 ||    47

Table legend:
 A = Non-vault XP
 B = Vault XP
 C = Vault XP percentage of total XP
 D = Non-vault monster count
 E = Vault monster count
 F = Vault count percentage of total count
                 A         B        C        D         E       F
            +---------+---------+-------+---------+---------+-------
      Total |   22632 |    6940 |  23.5 |     203 |     126 |  38.3
            +---------+---------+-------+---------+---------+-------
        D:1 |      20 |       0 |   0.0 |      13 |       0 |   0.0
        D:2 |     172 |       0 |   0.0 |      21 |       0 |   0.0
        D:3 |     127 |       0 |   0.0 |       8 |       0 |   0.0
        D:4 |     456 |      41 |   8.2 |      20 |       3 |  13.0
        D:5 |     473 |     459 |  49.2 |      16 |       4 |  20.0
        D:6 |    1000 |     814 |  44.9 |      23 |      14 |  37.8
        D:7 |    1407 |       0 |   0.0 |      13 |       0 |   0.0
        D:8 |     609 |     330 |  35.1 |      12 |       7 |  36.8
     Lair:1 |    1742 |     574 |  24.8 |       8 |      16 |  66.7
     Lair:2 |    6553 |    1665 |  20.3 |      25 |      13 |  34.2
     Lair:3 |    6020 |    1654 |  21.6 |      29 |      46 |  61.3
     Lair:4 |    1617 |     503 |  23.7 |       7 |       3 |  30.0
     Lair:5 |    2247 |     750 |  25.0 |       7 |       4 |  36.4
    Abyss:3 |     189 |       0 |   0.0 |       1 |       0 |   0.0
    Ossuary |       0 |     150 | 100.0 |       0 |      16 | 100.0
            +---------+---------+-------+---------+---------+-------
